 Dungeon Crawl Stone Soup version 0.20.1-1-g8b1a95d (console) character file.

131 hilaritas the Magician (level 4, -15/24 HPs)
             Began as a Deep Elf Conjurer on Aug 26, 2017.
             Demolished by ThePrince's ghost (16 damage)
             ... on level 3 of the Dungeon.
             The game lasted 00:04:56 (2359 turns).

hilaritas the Magician (Deep Elf Conjurer)          Turns: 2359, Time: 00:04:57

Health: -15/24     AC:  2    Str: 11    XL:     4   Next: 91%
Magic:  3/13       EV: 12    Int: 20    God:
Gold:   149        SH:  4    Dex: 15    Spells: 4/14 levels left

rFire    . . .     SeeInvis .   t - +0 dagger
rCold    . . .     Gourm    .   e - +0 buckler
rNeg     . . .     Faith    .   a - +0 robe
rPois    .         Spirit   .   (no helmet)
rElec    .         Reflect  .   (no cloak)
rCorr    .         Harm     .   (no gloves)
MR       .....                  (no boots)
Stlth    ++........             (no amulet)
Regen    0.1/turn               (no ring)
MPRegen  0.2/turn               (no ring)

@: mighty, flying
A: no striking features
a: no special abilities


You were on level 3 of the Dungeon.
You were not hungry.

You visited 1 branch of the dungeon, and saw 3 of its levels.

You collected 149 gold pieces.

Inventory:

Hand Weapons
 t - a +0 dagger (weapon)
Missiles
 g - 100 stones (quivered)
Armour
 a - a +0 robe (worn)
 e - a +0 buckler (worn)
Jewellery
 o - an uncursed ring of resist corrosion {unknown}
Scrolls
 d - a scroll of teleportation {unknown}
 f - a scroll of fear {unknown}
 h - 3 scrolls of enchant armour {unknown}
 j - 3 scrolls of identify {unknown}
 l - 2 scrolls of recharging {unknown}
 p - a scroll of remove curse {unknown}
 r - a scroll of fog {unknown}
 u - a scroll of blinking {unknown}
 x - 2 scrolls of immolation {unknown}
 y - 3 scrolls of enchant weapon {unknown}
Potions
 i - a potion of flight
 q - a potion of degeneration {unknown}
 s - a potion of curing {unknown}
 v - a potion of lignification {unknown}
Books
 b - a book of Conjurations

   Spells                             Type                      Level
   a - Magic Dart                     Conjuration                  1
   b - Searing Ray                    Conjuration                  2
   c - Dazzling Spray                 Conjuration/Hexes            3
   d - Fulminant Prism                Conjuration/Hexes            4
   e - Force Lance                    Conjuration/Translocation    4
   f - Iskenderun's Mystic Blast      Conjuration                  4
Comestibles
 c - 5 bread rations
 k - 3 meat rations
 n - a chunk of flesh
 w - a royal jelly


   Skills:
 - Level 2.4 Dodging
 - Level 2.4 Stealth
 * Level 1.6 Shields
 * Level 5.5 Spellcasting
 - Level 5.0 Conjurations


You had 4 spell levels left.
You knew the following spells:

 Your Spells              Type           Power        Failure   Level  Hunger
a - Magic Dart            Conj           ####         1%          1    None
b - Searing Ray           Conj           ####..       2%          2    None
c - Dazzling Spray        Conj/Hex       ###...       16%         3    ##.....
d - Iskenderun's Mystic   Conj           ####....     19%         4    ####...


Dungeon Overview and Level Annotations

Branches:
Dungeon (3/15)

Altars:
Ru
The Shining One

Annotations:
D:3 ThePrince's ghost, amateur FoFi


Message History

You finish channeling your searing ray.
ThePrince's ghost hits you!
Ouch! That really hurt!
It was a potion of flight.
You feel very buoyant.
You fly up into the air.
ThePrince's ghost closely misses you.
Casting: Searing Ray
Confirm with . or Enter, or press ? or * to list all spells.
Aiming: Searing Ray
Press: ? - help, Shift-Dir - straight line, f/p - ThePrince's ghost
Aim: ThePrince's ghost (moderately damaged)
The searing ray hits ThePrince's ghost.
ThePrince's ghost is moderately damaged. (Press . to maintain the ray.) ThePrince's ghost hits you!
* * * LOW HITPOINT WARNING * * *
It was a potion of might.
You feel very mighty all of a sudden. ThePrince's ghost hits you!
Ouch! That really hurt!
You die...

... .#.# ... ..<.
.... ..... ...# .
... #>.! ...... #..
....#.###W#
.......#@#
.........#
..######.##
######.#### ###
...........# #..
#########.## ### #.#
##.## #.# #.#
#####...# #.# ##.#
#.......###.#####...


You could see ThePrince's ghost.

Vanquished Creatures
  A worker ant (D:2)
  5 adders
  A worm (D:2)
  3 dart slugs
  2 leopard geckos (D:2)
  2 giant cockroaches
  7 goblins
  5 hobgoblins
  3 jackals (D:1)
  A quokka (D:3)
  3 ball pythons
  6 bats
  6 frilled lizards (D:1)
  6 kobolds
  2 rats
53 creatures vanquished.

Notes
Turn   | Place    | Note
-------+----------+-------------------------------------------
     0 | D:1      | hilaritas the Deep Elf Conjurer began the quest for the Orb.
     0 | D:1      | Reached XP level 1. HP: 10/10 MP: 6/6
   206 | D:1      | HIL D1 rock vault
   240 | D:1      | Reached XP level 2. HP: 15/15 MP: 6/8
   298 | D:1      | Reached skill level 5 in Conjurations
   302 | D:1      | Learned a level 2 spell: Searing Ray
  1070 | D:2      | Reached XP level 3. HP: 19/19 MP: 5/10
  1194 | D:2      | Reached skill level 1 in Shields
  1432 | D:2      | Reached XP level 4. HP: 24/24 MP: 8/12
  1450 | D:2      | Learned a level 3 spell: Dazzling Spray
  1455 | D:2      | Learned a level 4 spell: Iskenderun's Mystic Blast
  1511 | D:2      | Reached skill level 5 in Spellcasting
  1646 | D:2      | Found a glowing golden altar of the Shining One.
  1696 | D:2      | Found a sacrificial altar of Ru.
  1938 | D:3      | Found a faded altar of an unknown god.
  2352 | D:3      | Noticed ThePrince's ghost (amateur FoFi)
  2358 | D:3      | HP: 1/24 [ThePrince's ghost (8)]
  2359 | D:3      | Demolished by ThePrince's ghost

Skill      XL: |  1  2  3  4 |
---------------+-------------+-----
Conjurations   | 5 |  5.0
Spellcasting   | 4 5 |  5.5
Shields        | 1 |  1.6
Dodging        | |  2.4
Stealth        | |  2.4

Action                   |  1- 3 |  4- 6 || total
-------------------------+-------+-------++-------
Melee: Unarmed           |     1 |       ||     1
 Cast: Magic Dart        |    75 |    37 ||   112
       Searing Ray       |       |     3 ||     3
  Use: Potion            |       |     2 ||     2
  Eat: Chunk             |     1 |     3 ||     4
Armor: Robe              |     1 |     1 ||     2
Dodge: Dodged            |     6 |     1 ||     7
Block: Buckler           |     1 |       ||     1
